 Dungeon Crawl Stone Soup version 0.27-a0-1188-g73eefd5def (webtiles) character file.

Game seed: 10946448832592629244

24287 Glokmah the Scholar (level 13, -5/67 HPs)
             Began as a Vine Stalker Ice Elementalist on May 21, 2021.
             Was an Elder of Sif Muna.
             Slain by a nine-headed hydra (12 damage)
             ... on level 1 of the Lair of Beasts.
             The game lasted 00:52:18 (14347 turns).

Glokmah the Scholar (VSIE)                         Turns: 14347, Time: 00:52:19

Health: -5/67      AC: 14    Str: 13    XL:     13   Next: 12%
Magic:  0/26       EV: 12    Int: 19    God:    Sif Muna [****..]
Gold:   705        SH:  8    Dex: 14    Spells: 8/29 levels left

rFire    + . .     SeeInvis .   a - +2 dagger (elec)
rCold    . . .     Faith    .   R - +3 warlock's mirror {reflect}
rNeg     . . .     Spirit   +   l - +2 robe {Archmagi}
rPois    .         Reflect  +   s - +0 helmet
rElec    .         Harm     +   N - +0 cloak of the Sun {Harm *Slow +Blink rF+}
rCorr    .         Rampage  .   K - +2 pair of gloves
Will     +....                  h - +0 pair of boots
Stlth    ++........             G - amulet of regeneration
HPRegen  2.21/turn              M - ring of wizardry
MPRegen  0.20/turn              w - +4 ring of protection

@: lethally poisoned (-5 -> -6), freezing walls
A: fangs 3, regeneration 1, magic shield, antimagic bite, no potion heal 2
a: Renounce Religion, Evoke Blink, Channel Magic, Forget Spell, Divine Exegesis


You were on level 1 of the Lair of Beasts.
You worshipped Sif Muna.
Sif Muna was greatly pleased with you.
You visited 3 branches of the dungeon, and saw 13 of its levels.
You visited the Abyss 1 time.

You collected 705 gold pieces.

Inventory:

Hand Weapons
 a - a +2 dagger of electrocution (weapon)
 b - a +0 short sword of flaming
Missiles
 g - 63 poisoned darts
 o - 6 javelins (quivered)
 q - 3 throwing nets
 A - 2 curare-tipped darts
Armour
 h - a +0 pair of boots (worn)
 l - a +2 robe of the Archmagi (worn)
 s - a +0 helmet (worn)
 y - a +1 cloak
 K - a +2 pair of gloves (worn)
 N - the +0 cloak of the Sun (worn) {Harm *Slow +Blink rF+}
   (You found it on level 9 of the Dungeon)

   It protects you from fire.
   It lets you blink.
   It may slow you when you take damage.
   It increases damage dealt and taken.
 R - the +3 warlock's mirror (worn) {reflect}
   (You found it on level 10 of the Dungeon)
Magical Staves
 c - a staff of cold
Jewellery
 p - a +4 ring of evasion
 r - a ring of poison resistance
 w - a +4 ring of protection (right hand)
 z - a ring of protection from cold
 G - an amulet of regeneration (around neck)
 I - an amulet of reflection
 J - an amulet of the acrobat
 M - a ring of wizardry (left hand)
 U - a ring of ice
Wands
 d - a wand of paralysis (11)
 t - a wand of acid (27)
 C - a wand of mindburst (10)
 Q - a wand of flame (13)
 S - a wand of polymorph (10)
Scrolls
 e - 6 scrolls of teleportation
 i - 2 scrolls of fear
 m - 7 scrolls of identify
 n - a scroll of fog
 v - a scroll of noise
 D - 2 scrolls of blinking {unknown}
 E - 2 scrolls of magic mapping {unknown}
 L - 3 scrolls of amnesia {unknown}
 O - a scroll of summoning {unknown}
 V - a scroll of immolation {unknown}
Potions
 f - a potion of mutation
 j - 3 potions of curing
 k - 2 potions of lignification
 u - a potion of berserk rage
 x - a potion of brilliance {unknown}
 B - 2 potions of flight {unknown}
 F - a potion of might {unknown}
 H - a potion of cancellation {unknown}
 P - a potion of ambrosia {unknown}
 T - a potion of magic {unknown}


   Skills:
 + Level 7.4 Fighting
 - Level 1.5 Dodging
 - Level 2.4 Stealth
 - Level 4.0 Shields
 + Level 8.5 Spellcasting
 * Level 9.5 Conjurations
 - Level 9.7 Ice Magic
 * Level 7.7 Earth Magic
 * Level 10.0 Invocations


You had 8 spell levels left.
You knew the following spells:

 Your Spells              Type           Power      Damage    Failure   Level
a - Freeze                Ice            100%       1d11      1%          1
b - Frozen Ramparts       Ice            100%       1d12      1%          3
c - Ozocubu's Armour      Ice            61%        N/A       1%          3
d - Hailstorm             Conj/Ice       61%        3d13      1%          4
e - Stone Arrow           Conj/Erth      100%       3d13      1%          3
f - Lee's Rapid Deconstr  Erth           27%        3d15*     4%          5
g - Passwall              Tmut/Erth      28%        N/A       1%          2

Your spell library contained the following spells:

 Spells                   Type           Power      Damage    Failure   Level
 Sandblast                Erth           100%       2d20      1%          1
 Beastly Appendage        Tmut           24%        N/A       3%          1
 Ice Form                 Ice/Tmut       40%        N/A       4%          4
 Wereblood                Tmut           12%        N/A       5%          2
 Petrify                  Tmut/Erth      34%        N/A       8%          4
 Spider Form              Tmut/Pois      6%         N/A       11%         3
 Metabolic Englaciation   Hex/Ice        20%        N/A       13%         5
 Hydra Form               Tmut           6%         N/A       65%         5


Dungeon Overview and Level Annotations

Branches:
Dungeon (11/15)            Temple (1/1) D:4            Lair (1/6) D:11
    Orc (0/2) D:9

Altars:
Ashenzari
Cheibriados
Dithmenos
Elyvilon
Fedhas
Gozag
Hepliaklqana
Kikubaaqudgha
Makhleb
Nemelex Xobeh
Okawaru
Qazlal
Ru
Sif Muna
Trog
Uskayaw
Vehumet
Wu Jian
Xom
Yredelemnul
Zin
The Shining One

Shops:
D:7 *

Annotations:
Lair:1 MeekVeins's ghost, journeyman PaFi


Innate Abilities, Weirdness & Mutations

You have razor-sharp teeth.
Your natural rate of healing is unusually fast.
When hurt, damage is shared between your health and your magic reserves.
Your bite disrupts and absorbs the magic of your enemies.
Potions cannot restore your health.


Message History

The nine-headed hydra bites you but does no damage.
The wall freezes MeekVeins's ghost!
MeekVeins's ghost barely misses you.
The wall freezes the 11-headed hydra.
You kill the 11-headed hydra!
Sif Muna accepts your kill.
Your Invocations skill increases to level 10!
Casting: Hailstorm (dangerous; 1% risk of failure)
Confirm with . or Enter, or press ? or * to list all spells.
Aiming: Freeze (safe; 1% risk of failure)
Press: ? - help, Shift-Dir - straight line, f - nine-headed hydra
Aim: a nine-headed hydra (moderately wounded, slow)
You feel a surge of power!
You freeze the nine-headed hydra.
The nine-headed hydra is moderately wounded.
The wall freezes MeekVeins's ghost!
MeekVeins's ghost hits you but does no damage.
You are poisoned.
The wall freezes the nine-headed hydra!
The nine-headed hydra bites you! The nine-headed hydra bites you.
The nine-headed hydra bites you!
* * * LOW HITPOINT WARNING * * *
You block the nine-headed hydra's attack.
The nine-headed hydra bites you!
* * * LOW HITPOINT WARNING * * *
The nine-headed hydra bites you but does no damage.
The nine-headed hydra barely misses you.
The nine-headed hydra closely misses you.
The nine-headed hydra bites you!
* * * LOW HITPOINT WARNING * * *
Okay, then.
Really quaff the potion of lignification?
Okay, then.
Okay, then.
Your system rejects the healing.
You feel better.
The wall freezes MeekVeins's ghost!
MeekVeins's ghost hits you but does no damage.
You are poisoned.
You fail to use your ability.
You feel sick.
The wall freezes the nine-headed hydra!
The nine-headed hydra seems to slow down.
The nine-headed hydra bites you!
You die...

...P##.###........##.......#
## .#.###.#
###..###.#.#####..## # ...#
#.# ###..####.## ##..#####
.#.# #.###.##..##.#.##
#.....## .#.#
#...........#.#.# #.[....#
.#.# #.##P.##.....#.##
###...## ##.#
#######..##...## ##.## #..#
##.#...## #..# ...#
#######@## ##.# ##.#
#≈♣≈##WD# #.# # ...#
#♣....#.†# #.### ...#
♣.....'..# ##)#.. .###
...)..'..# #....# .##
♣!....'.## ##.#.. #.##
#..)..#.# #.#.# ...###
##♣♣≈##.# #.#.# ###..#
###### ####.#..


You could see a nine-headed hydra (slow) and MeekVeins's ghost.

Vanquished Creatures
  Fannar (Lair:1)
  A hydra (Lair:1)
  A two-headed ogre (D:11)
  A death knight (D:11)
  A thrashing horror (Abyss:2)
  8 wizards (D:10)
  Joseph (D:7)
  8 cane toads (Lair:1)
  4 komodo dragons
  An ancient zyme (Abyss:2)
  2 trolls (D:9)
  A polar bear (Lair:1)
  A hornet (D:8)
  4 blink frogs (Lair:1)
  A flying skull (Abyss:2)
  A spriggan (shapeshifter) (D:10)
  25 yaks
  A large abomination (Abyss:2)
  2 basilisks (Lair:1)
  A steam dragon (D:7)
  3 wyverns
  Grum (Lair:1)
  3 wraiths
  2 acid dragons (D:10)
  3 water moccasins
  5 black bears
  An ice beast (D:5)
  3 orc warriors
  4 sky beasts
  A necrophage (D:5)
  3 ogres (D:5)
  13 wolves (Lair:1)
  6 centaurs
  A phantom (D:6)
  3 kobold brigands
  6 bullfrogs
  2 scorpions
  A wyvern zombie (D:9)
  13 wights
  An electric eel (Lair:1)
  6 howler monkeys
  A centaur zombie (D:9)
  2 bullfrog zombies
  6 hounds
  A centaur skeleton (D:7)
  4 jellies
  Crazy Yiuf (D:6)
  A bullfrog skeleton (D:6)
  6 orc priests
  2 iguanas (D:6)
  8 orc wizards
  A killer bee zombie (D:8)
  A hound zombie (D:5)
  Robin (D:4)
  A howler monkey zombie (D:3)
  5 gnolls
  A howler monkey skeleton (D:7)
  5 adders
  2 shadow imps
  A worm (D:3)
  27 orcs
  6 ball pythons
  5 bats
  3 endoplasms
  3 giant cockroaches
  16 goblins
  9 hobgoblins
  13 jackals
  21 kobolds
  5 quokkas
  4 frilled lizards
  9 rats
318 creatures vanquished.

Vanquished Creatures (others)
  28 fungi
  48 plants
76 creatures vanquished.

Grand Total: 394 creatures vanquished

Notes
Turn   | Place    | Note
-------+----------+-------------------------------------------
     0 | D:1      | Glokmah the Vine Stalker Ice Elementalist began the quest
                  | for the Orb.
     0 | D:1      | Reached XP level 1. HP: 9/9 MP: 4/4
   136 | D:1      | Reached XP level 2. HP: 14/14 MP: 3/6
   810 | D:1      | Found a faded altar of an unknown god.
  1024 | D:2      | Reached XP level 3. HP: 17/17 MP: 7/7
  1048 | D:2      | Reached skill level 1 in Fighting
  1141 | D:2      | Gained mutation: Your natural rate of healing is unusually
                  | fast. [Vine Stalker growth]
  1141 | D:2      | Reached XP level 4. HP: 14/22 MP: 0/9
  1151 | D:2      | Learned a level 3 spell: Frozen Ramparts
  1155 | D:2      | Learned a level 3 spell: Ozocubu's Armour
  1613 | D:2      | Reached skill level 5 in Ice Magic
  2300 | D:3      | Reached XP level 5. HP: 24/26 MP: 8/10
  2716 | D:3      | Found a shimmering blue altar of Sif Muna.
  2727 | D:3      | Reached XP level 6. HP: 31/31 MP: 7/12
  2732 | D:3      | Became a worshipper of Sif Muna the Loreminder
  3261 | D:4      | Noticed a sky beast
  3350 | D:4      | Noticed Robin
  3655 | D:4      | Killed a sky beast
  3758 | D:4      | Reached * piety under Sif Muna
  3782 | D:4      | Killed Robin
  3917 | D:4      | Found a staircase to the Ecumenical Temple.
  3927 | Temple   | Entered the Ecumenical Temple
  4494 | D:5      | Entered Level 5 of the Dungeon
  4500 | D:5      | Noticed a necrophage
  4502 | D:5      | Reached XP level 7. HP: 26/36 MP: 0/14
  4792 | D:5      | Reached skill level 1 in Invocations
  4792 | D:5      | Gained mutation: You have razor-sharp teeth. [Vine Stalker
                  | growth]
  4792 | D:5      | Reached XP level 8. HP: 42/42 MP: 12/16
  5220 | D:6      | Reached skill level 5 in Spellcasting
  5220 | D:6      | Reached skill level 2 in Invocations
  5480 | D:6      | Identified a scroll of acquirement
  5480 | D:6      | Acquired a staff of cold
  5614 | D:6      | Learned a level 4 spell: Hailstorm
  5626 | D:6      | Reached skill level 3 in Invocations
  5627 | D:6      | Reached skill level 1 in Conjurations
  5805 | D:6      | Reached ** piety under Sif Muna
  6001 | D:6      | Reached XP level 9. HP: 36/46 MP: 12/18
  6339 | D:6      | Found a runed translucent door.
  6340 | D:6      | Noticed Crazy Yiuf
  6346 | D:6      | Killed Crazy Yiuf
  6458 | D:6      | Reached skill level 4 in Invocations
  6771 | D:7      | Found Zobieg's Mayhem Merchandise.
  7391 | D:7      | Noticed Joseph
  7393 | D:7      | Reached skill level 5 in Invocations
  7406 | D:7      | Killed Joseph
  7407 | D:7      | Reached skill level 5 in Fighting
  7454 | D:7      | Reached XP level 10. HP: 51/51 MP: 7/20
  8416 | D:8      | Reached *** piety under Sif Muna
  8648 | D:8      | Identified the +0 ring mail "Zixotyuq" {rF+ Int+4 Stlth-}
  8745 | D:8      | Reached skill level 5 in Conjurations
  9006 | D:8      | Reached skill level 6 in Invocations
  9508 | D:8      | Learned a level 2 spell: Passwall
  9514 | D:8      | Learned a level 5 spell: Lee's Rapid Deconstruction
  9580 | D:9      | Learned a level 3 spell: Stone Arrow
  9644 | D:9      | Reached skill level 1 in Earth Magic
  9996 | D:9      | Identified the +0 cloak of the Sun {Harm *Slow +Blink rF+}
 10053 | D:9      | Reached **** piety under Sif Muna
 10143 | D:9      | Reached skill level 7 in Invocations
 10315 | D:9      | Found a staircase to the Orcish Mines.
 10325 | D:9      | Reached XP level 11. HP: 56/56 MP: 11/22
 10555 | D:10     | Entered Level 10 of the Dungeon
 10820 | D:10     | Noticed a wizard
 10824 | D:10     | Noticed a wizard
 10828 | D:10     | Killed a wizard
 10828 | D:10     | Noticed a wizard
 10833 | D:10     | Cast into level 2 of the Abyss (a wizard)
 10836 | Abyss:2  | Noticed an angel
 10867 | Abyss:2  | Noticed a thrashing horror
 10869 | Abyss:2  | Killed a thrashing horror
 10955 | Abyss:2  | Noticed a wretched star
 10977 | Abyss:2  | Noticed a lich
 11069 | Abyss:2  | Noticed a daeva
 11097 | D:10     | Escaped the Abyss
 11100 | D:10     | Killed a wizard
 11124 | D:10     | Killed a wizard
 11586 | D:10     | Noticed a wizard
 11604 | D:10     | Killed a wizard
 11605 | D:10     | Reached skill level 8 in Invocations
 11657 | D:10     | Noticed a wizard
 11738 | D:10     | Killed a wizard
 11739 | D:10     | Reached skill level 5 in Earth Magic
 11936 | D:10     | Noticed a wizard
 11937 | D:10     | Found the +3 warlock's mirror {reflect}
 11949 | D:10     | Killed a wizard
 11985 | D:10     | Noticed a wizard
 12005 | D:10     | Killed a wizard
 12061 | D:10     | Noticed a wizard
 12066 | D:10     | Killed a wizard
 12067 | D:10     | Reached skill level 1 in Shields
 12344 | D:11     | Noticed a death knight
 12358 | D:11     | Killed a death knight
 12359 | D:11     | Reached XP level 12. HP: 57/62 MP: 19/24
 12385 | D:11     | Noticed a two-headed ogre
 12396 | D:11     | Killed a two-headed ogre
 12600 | D:11     | Found a staircase to the Lair.
 12609 | Lair:1   | Entered Level 1 of the Lair of Beasts
 12780 | Lair:1   | Noticed Fannar
 12791 | Lair:1   | Reached skill level 9 in Invocations
 12796 | Lair:1   | Killed Fannar
 12944 | Lair:1   | Noticed Grum
 12954 | Lair:1   | Killed Grum
 13238 | Lair:1   | Found a runed translucent gate.
 13239 | Lair:1   | Found a runed translucent gate.
 13239 | Lair:1   | Noticed a nine-headed hydra
 13240 | Lair:1   | Found a runed translucent gate.
 13240 | Lair:1   | Noticed MeekVeins's ghost (journeyman PaFi)
 13240 | Lair:1   | Noticed an 11-headed hydra
 13902 | Lair:1   | Reached XP level 13. HP: 67/67 MP: 18/26
 14345 | Lair:1   | Reached skill level 10 in Invocations
 14347 | Lair:1   | Slain by a nine-headed hydra

Illustrated notes

Levels and vault maps discovered:
D:1:      dpeg_arrival_simpleton_a, layout_basic,
          hellmonk_ecumenical_altar_pennies_from_heaven,
          minmay_tree_intersection, minivault_4, hangedman_glass_teeth
D:2:      layout_basic, chequers_mini_garden, lexackson_kobold_supper
D:3:      layout_basic, nicolae_sif_muna_condensation, minmay_increasing_density
D:4:      layout_rooms, minmay_temple_entry_poolview, uniq_robin
D:5:      layout_rooms, grunt_ministairs_7
D:6:      layout_loops_ring, minmay_misc_feat_enclosed, uniq_crazy_yiuf_cottage
D:7:      layout_basic, minmay_shop_mayhem, uniq_joseph
D:8:      layout_basic, hangedman_minor_gate_pass
D:9:      layout_cave_pools
D:10:     minmay_smoke_and_mirrors, layout_layer_cave
D:11:     layout_layer_cave, due_lair_maze_entry_diamond
Temple:   nicolae_temple_the_god_donut
Lair:1:   layout_loops_ring, gammafunk_ghost_hydra_chop, beast_lair_carwin_9,
          infiniplex_staircase_pool, grunt_megastairs_4, uniq_grum, uniq_fannar

Skill      XL: |  1  2  3  4  5  6  7  8  9 10 11 12 13 |
---------------+----------------------------------------+-----
Fighting       | 1 2 3 4 5 6 7 |  7.4
Ice Magic      | 5 6 7 8 9 |  9.7
Spellcasting   | 3 4 5 6 7 8 |  8.5
Invocations    | 1 3 5 7 8 9 10 | 10.0
Conjurations   | 1 4 6 8 9 |  9.5
Earth Magic    | 3 5 7 |  7.7
Shields        | 1 4 |  4.0
Dodging        | |  1.5
Stealth        | |  2.4

Action                   |  1- 3 |  4- 6 |  7- 9 | 10-12 | 13-15 || total
-------------------------+-------+-------+-------+-------+-------++-------
Melee: Unarmed           |     2 |       |       |       |       ||     2
       Dagger            |    18 |    27 |   123 |    57 |    10 ||   235
       Bite              |     3 |     9 |    44 |    15 |     3 ||    74
       Short sword       |       |    23 |       |       |       ||    23
       Staff             |       |       |    15 |    15 |       ||    30
Throw: Javelin           |       |       |     5 |       |       ||     5
 Cast: Freeze            |    30 |    34 |    39 |    94 |     5 ||   202
       Frozen Ramparts   |       |    19 |    17 |    39 |     2 ||    77
       Ozocubu's Armour  |       |     7 |    11 |     6 |       ||    24
       Hailstorm         |       |       |     5 |    63 |     4 ||    72
       Stone Arrow       |       |       |       |    37 |       ||    37
       Lee's Rapid Decon |       |       |       |     6 |       ||     6
Invok: Channel Magic     |       |       |       |     6 |       ||     6
  Use: Scroll            |       |       |    12 |     1 |       ||    13
       Potion            |       |       |       |     1 |     1 ||     2
 Stab: Sleeping          |     2 |     5 |     4 |       |       ||    11
Armor: Robe              |    14 |    36 |    84 |    94 |    12 ||   240
Dodge: Dodged            |    32 |    88 |   119 |    99 |    18 ||   356
Block: Other             |       |       |       |    15 |       ||    15
       Reflection        |       |       |       |     3 |       ||     3
       Buckler           |       |       |       |     3 |    13 ||    16

Table legend: (Time is in decaauts)
 A = Elapsed time spent in this place.
 B = Non-inter-level travel time spent in this place.
 C = Inter-level travel time spent in this place.
 D = Time resting spent in this place.
 E = Time spent auto-exploring this place.
 F = Levels seen in this place.
 G = Mean time per level.
                   A        B        C        D        E       F      G
               +--------+--------+--------+--------+--------+-----+--------+
         Total |  14383 |  13527 |    856 |   1570 |   8981 |  14 | 1027.4 |
       Dungeon |  12074 |  11228 |    846 |   1149 |   7631 |  11 | 1097.6 |
        Temple |    307 |    297 |     10 |      0 |    296 |   1 |  307.0 |
          Lair |   1738 |   1738 |      0 |    389 |   1054 |   1 | 1738.0 |
         Abyss |    263 |    263 |      0 |     32 |      0 |   1 |  263.0 |
               +--------+--------+--------+--------+--------+-----+--------+

Top non-repeatable levels by time:
  Lair:1: 1738 daAuts
     D:7: 1554 daAuts
    D:10: 1524 daAuts
     D:6: 1454 daAuts
     D:3: 1312 daAuts
     D:2: 1270 daAuts
     D:8: 1217 daAuts
     D:9: 1073 daAuts
     D:1: 1021 daAuts
     D:5: 751 daAuts
     D:4: 662 daAuts
  Temple: 307 daAuts
 Abyss:2: 263 daAuts
    D:11: 229 daAuts
